[Event "Elitserien 2022/2023"]
[Site "Helsingborg"]
[Date "2022.10.15"]
[Round "2.24"]
[White "Mauritsson, Sebastian"]
[Black "Astrom, Goran"]
[Result "1-0"]
[WhiteElo "2383"]
[BlackElo "2230"]
[TimeControl "90 minutes for 40 moves + 30 minutes for the rest of the game + 30 seconds per move from move one."]

1.e4 c5 2.Nf3 e6 3.d4 cxd4 4.Nxd4 a6 5.Bd3 Bc5 6.Nb3 Be7 7.Qg4 g6 8.Qe2 d6
9.O-O Nd7 10.a4 Ngf6 11.Bh6 Ne5 12.h3 Bf8 13.Be3 Be7 14.a5 O-O 15.Nc3 Bd7 
16.f4 Nxd3 17.cxd3 Rc8 18.f5 Nh5 19.Qd2 exf5 20.Nd5 Be6 21.Bb6 Qd7 22.
Nxe7+ Qxe7 23.Nd4 fxe4 24.dxe4 Nf6 25.Rae1 Ne8 26.Nf5 Qd7 27.Bd4 f6 28.Ne3
Qc6 29.Bc3 Rc7 30.Kh1 Re7 31.Rf2 Bb3 32.Rf4 Re6 33.Ng4 h5 34.Nf2 Kh7 35.
Nd3 Rf7 36.Nb4 Qd7 37.Ref1 g5 38.Rf5 Kg6 39.Nd5 Bxd5 40.exd5 Re4 41.Bxf6 
1-0

[Event "Elitserien 2022/2023"]
[Site "Helsingborg"]
[Date "2022.10.15"]
[Round "2.25"]
[White "Blomqvist, Erik"]
[Black "Semcesen, Daniel"]
[Result "1-0"]
[WhiteElo "2523"]
[BlackElo "2472"]
[TimeControl "90 minutes for 40 moves + 30 minutes for the rest of the game + 30 seconds per move from move one."]

1.e4 e5 2.Nf3 Nc6 3.Bb5 a6 4.Ba4 Nf6 5.O-O Be7 6.d3 d6 7.c3 O-O 8.Re1 Re8 
9.Nbd2 Bf8 10.Nf1 g6 11.Ng3 Bg7 12.d4 b5 13.Bc2 Bb7 14.Bd2 Nb8 15.Qc1 Nbd7
16.Bh6 Bh8 17.h3 c5 18.d5 Bg7 19.b3 Qe7 20.a4 Bxh6 21.Qxh6 Nb6 22.Reb1 
Reb8 23.Nd2 Bc8 24.Ra2 Bd7 25.a5 Nc8 26.Rf1 Kh8 27.b4 c4 28.Bd1 Ng8 29.Qe3
f6 30.f4 Be8 31.Kh1 Qa7 32.Qe1 Rb7 33.Bg4 Bd7 34.Be6 Bxe6 35.dxe6 exf4 36.
Ne2 g5 37.g3 fxg3 38.Qxg3 Nce7 39.Nd4 Rbb8 40.N2f3 Qb7 41.Re2 Ng6 42.h4 
Rf8 43.Rfe1 gxh4 44.Qxd6 Rad8 45.Qh2 Rde8 46.Rg1 h3 47.Re3 Re7 48.Nf5 Rxe6
49.Rxg6 hxg6 50.Ne5 1-0

[Event "Elitserien 2022/2023"]
[Site "Helsingborg"]
[Date "2022.10.15"]
[Round "2.26"]
[White "Sylvan, Jacob"]
[Black "Bjerre, Jonas Buhl"]
[Result "0-1"]
[WhiteElo "2310"]
[BlackElo "2598"]
[TimeControl "90 minutes for 40 moves + 30 minutes for the rest of the game + 30 seconds per move from move one."]

1.e4 c5 2.Nf3 d6 3.d4 cxd4 4.Nxd4 Nf6 5.Nc3 a6 6.Bg5 Nbd7 7.f4 Qa5 8.Qf3 
h6 9.Bxf6 Nxf6 10.f5 g5 11.fxg6 fxg6 12.Qg3 Qg5 13.Qxg5 hxg5 14.Nd5 Nxd5 
15.exd5 Bg7 16.O-O-O Bg4 17.Be2 Bxe2 18.Nxe2 Rh4 19.h3 Rc8 20.Rhe1 Rhc4 
21.c3 b5 22.Kb1 Kd7 23.Nc1 b4 24.cxb4 Rxb4 25.Re2 Rb5 26.b3 Rcc5 27.a4 Rb4
28.Rc2 Bd4 29.Rxc5 dxc5 30.Kc2 Rb6 31.Ne2 Bf6 32.Nc3 Rb4 33.Rd3 Kd6 34.Rd1
Kd7 35.Rd3 a5 36.Re3 c4 37.bxc4 Rxc4 38.Kb3 Rb4+ 39.Ka3 g4 40.Nb5 Bb2+ 41.
Ka2 Bc1 42.Re6 Rb2+ 43.Ka1 Rxg2 44.hxg4 Rxg4 45.Kb1 Bd2 46.Kc2 Bb4 47.Ra6 
Rg3 48.Ra7+ Ke8 49.Ra6 g5 50.d6 Rg2+ 51.Kb3 Rd2 52.dxe7 Kxe7 53.Kc4 Kf7 
54.Nd4 g4 55.Nf5 Rf2 56.Ne3 g3 57.Ra7+ Kg6 58.Ra8 Be1 59.Rg8+ Kh5 60.Kd5 
Re2 61.Nf5 g2 62.Nd4 Rf2 63.Ke4 Bd2 64.Rg3 Bf4 65.Rxg2 Rxg2 66.Kxf4 Ra2 
67.Nc6 Rxa4+ 68.Ke3 Ra3+ 69.Kd2 a4 70.Kc2 Rb3 71.Nd4 Rb6 0-1

[Event "Elitserien 2022/2023"]
[Site "Helsingborg"]
[Date "2022.10.15"]
[Round "2.27"]
[White "Sorensen, Hampus"]
[Black "Kristensen, Kaare Hove"]
[Result "0-1"]
[WhiteElo "2396"]
[BlackElo "2267"]
[TimeControl "90 minutes for 40 moves + 30 minutes for the rest of the game + 30 seconds per move from move one."]

1.e4 c5 2.Nf3 d6 3.d4 Nf6 4.Nc3 cxd4 5.Nxd4 g6 6.Be3 a6 7.f3 b5 8.g4 Bb7 
9.Qd2 h5 10.g5 Nfd7 11.a4 bxa4 12.f4 e5 13.Nf3 Nc6 14.Be2 exf4 15.Bxf4 
Nde5 16.O-O Bg7 17.Nd5 Nxf3+ 18.Rxf3 Nd4 19.Rd3 Nxe2+ 20.Qxe2 O-O 21.c3 
Bxd5 22.Rxd5 Qb6+ 23.Kh1 Rfb8 24.Rd2 Qb5 25.Bxd6 Re8 26.Qg2 Qc6 27.Rd5 
Rad8 28.Rad1 Re6 29.e5 Rde8 30.Ra5 Qxg2+ 31.Kxg2 Bxe5 32.Bc5 Bc7 33.Rxa4 
Re2+ 34.Kf3 Rxb2 35.Rxa6 Rxh2 36.Rd7 Rh3+ 37.Kf2 Be5 38.Bd4 Rh4 39.Rd5 
Rf4+ 40.Ke3 Rf5 41.Bxe5 Rexe5+ 42.Rxe5 Rxe5+ 43.Kd4 Rxg5 44.c4 Rg1 45.c5 
Rc1 46.Kd5 h4 47.Ra4 g5 48.Rg4 f6 49.c6 Kf7 50.Rc4 Rxc4 51.Kxc4 Ke7 52.Kc5
Kd8 53.Kb6 Kc8 0-1

[Event "Elitserien 2022/2023"]
[Site "Helsingborg"]
[Date "2022.10.15"]
[Round "2.29"]
[White "Barkhagen, Jonas"]
[Black "Rothman, Peter"]
[Result "1-0"]
[WhiteElo "2424"]
[BlackElo "2135"]
[TimeControl "90 minutes for 40 moves + 30 minutes for the rest of the game + 30 seconds per move from move one."]

1.d4 d5 2.c4 c6 3.Nf3 Nf6 4.Nc3 e6 5.Bg5 dxc4 6.e4 b5 7.e5 h6 8.Bh4 g5 9.
Nxg5 hxg5 10.Bxg5 Nbd7 11.g3 Bb7 12.Bg2 Qb6 13.exf6 O-O-O 14.O-O c5 15.d5 
b4 16.Na4 Qb5 17.a3 exd5 18.axb4 cxb4 19.Qg4 Bh6 20.Bh4 Kb8 21.Qd4 Rhe8 
22.g4 Bf8 23.Bg3+ Ka8 24.Nc3 Qc5 25.Qxd5 Bxd5 26.Bxd5+ Qxd5 27.Nxd5 Re2 
28.Rfd1 Kb7 29.Ne3 1-0

[Event "Elitserien 2022/2023"]
[Site "Helsingborg"]
[Date "2022.10.15"]
[Round "2.30"]
[White "Nilsson, Anders"]
[Black "Trost, Edvin"]
[Result "0-1"]
[WhiteElo "2209"]
[BlackElo "2340"]
[TimeControl "90 minutes for 40 moves + 30 minutes for the rest of the game + 30 seconds per move from move one."]

1.d4 Nf6 2.Bf4 d5 3.e3 c5 4.c3 Nc6 5.Nd2 Bg4 6.Ngf3 e6 7.Qa4 Nd7 8.Bb5 Qc8
9.Ne5 Ndxe5 10.Bxe5 a6 11.Bxc6+ Qxc6 12.Qxc6+ bxc6 13.Nb3 c4 14.Nc5 f6 15.
Bc7 Bxc5 16.dxc5 Kd7 17.Bd6 Bf5 18.O-O-O a5 19.b3 a4 20.b4 a3 21.f3 Bd3 
22.Bg3 e5 23.Bf2 Ke6 24.Kd2 g5 25.Rde1 h5 26.g3 Kf5 27.h4 g4 28.f4 Ke4 29.
Rh2 Rae8 30.Bg1 Kf3 31.Bf2 exf4 32.exf4 Re4 33.Rxe4 dxe4 0-1

[Event "Elitserien 2022/2023"]
[Site "Helsingborg"]
[Date "2022.10.15"]
[Round "2.31"]
[White "Kenneskog, Theodor"]
[Black "Rosell, Tomas"]
[Result "1-0"]
[WhiteElo "2322"]
[BlackElo "2174"]
[TimeControl "90 minutes for 40 moves + 30 minutes for the rest of the game + 30 seconds per move from move one."]

1.e4 c5 2.Nf3 d6 3.d4 cxd4 4.Nxd4 Nf6 5.Nc3 g6 6.Be3 Bg7 7.f3 Nc6 8.Qd2 
O-O 9.O-O-O Bd7 10.g4 Rc8 11.Kb1 Ne5 12.h4 Qa5 13.Be2 h5 14.gxh5 Nxh5 15.
Rhg1 Kh7 16.f4 Nc4 17.Bxc4 Rxc4 18.Rg5 Rc5 19.Rxc5 Qxc5 20.Ne6 Qa5 21.
Nxf8+ Bxf8 22.e5 Bg4 23.Rg1 Be6 24.exd6 exd6 25.a3 Be7 26.Ne4 Qxd2 27.Bxd2
Bxh4 28.Nxd6 b6 29.f5 Be7 30.fxe6 Bxd6 31.exf7 Kg7 32.Rf1 Ng3 33.Bc3+ Kf8 
34.Rf6 Ne4 35.Rxd6 1-0

[Event "Elitserien 2022/2023"]
[Site "Helsingborg"]
[Date "2022.10.15"]
[Round "2.32"]
[White "Olsson, Fredric"]
[Black "Hedman, Erik"]
[Result "0-1"]
[WhiteElo "2046"]
[BlackElo "2322"]
[TimeControl "90 minutes for 40 moves + 30 minutes for the rest of the game + 30 seconds per move from move one."]

1.e4 d6 2.d4 Nf6 3.Nc3 e5 4.Nf3 exd4 5.Nxd4 Be7 6.Bc4 O-O 7.O-O c6 8.a4 d5
9.exd5 cxd5 10.Be2 Nc6 11.Be3 Re8 12.h3 h6 13.Bb5 Qd6 14.Nb3 a6 15.Bc5 Qf4
16.Bxe7 Rxe7 17.Bxc6 bxc6 18.a5 Rb8 19.Ra4 Qd6 20.Re1 Rxe1+ 21.Qxe1 c5 22.
Qd2 d4 23.Ne2 Be6 24.Ra3 d3 25.Nc3 c4 26.Nc1 Rxb2 27.Ra2 Rxa2 28.N1xa2 Qa3
29.cxd3 cxd3 30.Qxd3 Qxa5 31.Nc1 Qa1 32.Qd8+ Kh7 33.Qd3+ g6 34.Qe3 a5 35.
Kh2 a4 36.N1e2 Nd5 37.Nxd5 Bxd5 38.Nf4 Bb3 39.h4 Qf6 40.g3 Kg7 41.Qc5 Kh7 
42.Ne2 Qb2 43.Nc3 a3 44.h5 a2 45.hxg6+ Kxg6 46.Qc6+ Kg7 47.Qf3 Be6 0-1

[Event "Elitserien 2022/2023"]
[Site "Helsingborg"]
[Date "2022.10.15"]
[Round "2.33"]
[White "Akesson, Ralf"]
[Black "Lukez, Franko"]
[Result "0-1"]
[WhiteElo "2421"]
[BlackElo "2264"]
[TimeControl "90 minutes for 40 moves + 30 minutes for the rest of the game + 30 seconds per move from move one."]

1.d4 g6 2.e4 Bg7 3.c4 d6 4.Nc3 Nf6 5.h3 O-O 6.Be3 c5 7.d5 e6 8.Bd3 exd5 9.
exd5 Re8 10.Nge2 Nbd7 11.b3 Rxe3 12.fxe3 Qe7 13.e4 Nh5 14.O-O Bh6 15.Qe1 
Be3+ 16.Kh1 Ne5 17.Rd1 Qg5 18.Nb5 Bg4 19.Nxd6 Nxd3 20.Rxd3 Bxe2 21.Rxe3 
Bxf1 22.g4 Bxh3 23.Rxh3 Qxg4 24.Qf1 Nf4 25.Rh2 b6 26.e5 Kg7 27.e6 fxe6 28.
dxe6 Nh5 29.Qa1+ Kg8 30.e7 Ng3+ 31.Kg1 Ne2+ 32.Kh1 Ng3+ 33.Kg1 Ne2+ 34.Kh1
Qf3+ 35.Rg2 Nf4 36.Qb2 Nxg2 37.e8=Q+ Rxe8 38.Nxe8 Qh3+ 39.Kg1 Qe3+ 40.Kxg2
Qxe8 41.Qf6 Qf7 42.Qd6 h5 43.a4 Kh7 44.a5 Kh6 45.a6 h4 46.Kh3 Kg5 47.Qd8+ 
Qf6 48.Qd2+ Qf4 49.Qd8+ Qf6 50.Qd2+ Kh5 51.Qe2+ Kh6 52.Qe8 Qf3+ 53.Kh2 
Qf2+ 54.Kh1 Qf3+ 55.Kh2 Kg5 56.Qe7+ Kg4 57.Qd7+ Qf5 58.Qd1+ Kg5 59.Qd8+ 
Kg4 60.Qd1+ Kf4 61.Qd8 Ke3 62.Qe7+ Kf3 63.Qb7+ Qe4 64.Kh3 g5 65.Qf7+ Ke3 
66.Qxa7 Qf3+ 67.Kh2 Kf2 0-1

[Event "Elitserien 2022/2023"]
[Site "Helsingborg"]
[Date "2022.10.15"]
[Round "2.34"]
[White "Gdanski, Jacek"]
[Black "Bergstrom, Peter"]
[Result "1/2-1/2"]
[WhiteElo "2493"]
[BlackElo "2319"]
[TimeControl "90 minutes for 40 moves + 30 minutes for the rest of the game + 30 seconds per move from move one."]

1.e4 c6 2.d4 d5 3.exd5 cxd5 4.c4 Nf6 5.Nc3 g6 6.cxd5 Bg7 7.Bc4 O-O 8.Nge2 
Na6 9.O-O Nc7 10.Nf4 b6 11.Re1 Bb7 12.Qb3 Rb8 13.Qa3 Ncxd5 14.Nfxd5 Nxd5 
15.Bxd5 Bxd5 16.Qxe7 Bxd4 17.Bh6 Bxc3 18.bxc3 Qxe7 19.Rxe7 Rfc8 20.Rd7 Be6
21.Rxa7 Rxc3 22.h3 Rcc8 23.Rb1 Ra8 24.Rxa8 Rxa8 25.Rxb6 Bxa2 26.Kh2 f5 27.
Rb7 Bf7 28.Kg3 Rc8 29.Kf4 Rc4+ 30.Kg5 Rc8 31.f3 Ra8 32.Rb6 Bc4 33.Rb7 Bf7 
34.Rc7 Re8 35.Rd7 Re6 36.Ra7 Re8 37.Rc7 Re6 38.f4 Re8 39.g4 fxg4 40.hxg4 
Ra8 41.f5 Rb8 42.Ra7 Rc8 43.Kf6 Rc6+ 44.Ke7 Rc8 45.Bf4 Rf8 46.Bh6 Rc8 47.
Kd7 Rb8 48.Bf4 Re8 49.f6 Rf8 50.g5 Re8 51.Bd6 Kh8 52.Be7 Kg8 53.Kd6 Rc8 
54.Rd7 Re8 55.Bd8 Rf8 56.Kc7 Re8 57.Rd4 Kh8 58.Kd7 Kg8 59.Rb4 Kh8 60.Be7 
Kg8 61.Rh4 Kh8 62.Rb4 Kg8 63.Rb7 Kh8 64.Ra7 Kg8 65.Kc7 Kh8 66.Kd6 Kg8 67.
Rd7 Kh8 68.Bd8 Kg8 69.Kc7 Rf8 70.Re7 Kh8 71.Kd7 Kg8 72.Bb6 Kh8 73.Bc5 Kg8 
74.Bd6 Ra8 75.Bc5 Rb8 76.Re5 Ra8 77.Re3 Rb8 78.Bd6 Ra8 79.Re1 Kh8 80.Re7 
Kg8 81.Bc5 Rb8 82.Kc7 Ra8 83.Bb6 Rf8 84.Kd7 Ra8 85.Bc7 Rf8 86.Bd8 Kh8 87.
Kc7 Kg8 88.Kd7 Kh8 89.Kc7 Kg8 1/2-1/2

[Event "Elitserien 2022/2023"]
[Site "Helsingborg"]
[Date "2022.10.15"]
[Round "2.35"]
[White "Norberg, Johan"]
[Black "Danchevski, Orce"]
[Result "0-1"]
[WhiteElo "2275"]
[BlackElo "2332"]
[TimeControl "90 minutes for 40 moves + 30 minutes for the rest of the game + 30 seconds per move from move one."]

1.e4 c5 2.Nf3 d6 3.d4 Nf6 4.Nc3 cxd4 5.Nxd4 Nc6 6.Bc4 e6 7.O-O a6 8.Be3 
Nxd4 9.Qxd4 b5 10.Bb3 Bb7 11.a4 Bc6 12.axb5 axb5 13.Rxa8 Qxa8 14.Qb6 Nd7 
15.Qd4 Be7 16.Qxg7 Bf6 17.Qg3 b4 18.Ne2 Bxe4 19.f3 Be5 20.Qh4 Bc6 21.Qxb4 
Rg8 22.Kh1 Ke7 23.Bf4 Qa6 24.Re1 Qa8 25.Ng3 Bxf3 26.Bxe5 Nxe5 27.Rxe5 Rg4 
28.Qa3 Bxg2+ 29.Kg1 Qxa3 30.bxa3 dxe5 31.Kxg2 f5 32.h3 Rg7 33.Kf2 Kd6 34.
Ne2 Rc7 35.a4 h6 36.Ke3 Rg7 37.Kf2 Rc7 38.Ke3 h5 39.h4 Rg7 40.Nc3 Rg3+ 41.
Kd2 Rg2+ 42.Ke3 e4 43.a5 Ke5 44.Ne2 f4+ 45.Nxf4 Rg3+ 46.Ke2 Kxf4 47.a6 
Rg2+ 48.Kf1 Rg7 49.Bxe6 Ke5 50.Bc8 Rg3 51.Bb7 Ra3 52.Ke2 e3 53.c3 Kf4 54.
c4 Ra2+ 55.Kf1 Ke5 56.c5 Kd4 57.c6 Kd3 58.c7 e2+ 59.Kf2 Kd2 60.c8=Q e1=Q+ 
61.Kf3 Qe3+ 62.Kg2 Kd3+ 63.Kh1 Qe1# 0-1

[Event "Elitserien 2022/2023"]
[Site "Helsingborg"]
[Date "2022.10.15"]
[Round "2.36"]
[White "Krantz, Christopher"]
[Black "Landgren, Andreas"]
[Result "1/2-1/2"]
[WhiteElo "2242"]
[BlackElo "2230"]
[TimeControl "90 minutes for 40 moves + 30 minutes for the rest of the game + 30 seconds per move from move one."]

1.d4 Nf6 2.Nf3 e6 3.Bg5 h6 4.Bh4 c5 5.c3 b6 6.e3 Bb7 7.Nbd2 Be7 8.Bd3 O-O 
9.O-O d6 10.Re1 Nc6 11.a3 Nh5 12.Bxe7 Qxe7 13.e4 e5 14.dxc5 dxc5 15.Nc4 
Rad8 16.Qc2 Nf4 17.Bf1 Qf6 18.g3 Ne6 19.Kg2 Ng5 20.Nxg5 Qxg5 21.Kg1 Bc8 
22.Ne3 Kh8 23.Rad1 Be6 24.Qa4 Na5 25.Nc4 Nxc4 26.Bxc4 Bxc4 27.Qxc4 Rd2 28.
b4 Qd8 1/2-1/2

[Event "Elitserien 2022/2023"]
[Site "Helsingborg"]
[Date "2022.10.15"]
[Round "2.37"]
[White "Janse, Love"]
[Black "Vernersson, Per"]
[Result "0-1"]
[WhiteElo "2219"]
[BlackElo "2264"]
[TimeControl "90 minutes for 40 moves + 30 minutes for the rest of the game + 30 seconds per move from move one."]

1.e4 c6 2.d4 d5 3.f3 e6 4.Be3 Nf6 5.e5 Nfd7 6.Bd3 c5 7.c3 Nc6 8.Ne2 Qb6 9.
Qd2 c4 10.Bxc4 dxc4 11.d5 Bc5 12.dxc6 Bxe3 13.cxd7+ Bxd7 14.Qc2 O-O 15.Nd2
Qc5 16.f4 Bc6 17.Ne4 Qd5 18.Ng5 Qd3 0-1

[Event "Elitserien 2022/2023"]
[Site "Helsingborg"]
[Date "2022.10.15"]
[Round "2.38"]
[White "Rothen, Hakan"]
[Black "Eriksson, Anders"]
[Result "1-0"]
[WhiteElo "2232"]
[BlackElo "2197"]
[TimeControl "90 minutes for 40 moves + 30 minutes for the rest of the game + 30 seconds per move from move one."]

1.d4 Nf6 2.Nf3 e6 3.Bf4 b6 4.e3 Bb7 5.Be2 Be7 6.h3 O-O 7.O-O d6 8.c4 c5 9.
Nc3 cxd4 10.exd4 d5 11.Ne5 dxc4 12.Bxc4 Nc6 13.Be3 Nb4 14.Qe2 a6 15.Rac1 
b5 16.Bb3 Qd6 17.a4 bxa4 18.Nxa4 Bd5 19.Nc4 Qb8 20.Nc5 Rc8 21.Ba4 Bc6 22.
Bxc6 Nxc6 23.b4 Nd5 24.Qg4 Ncxb4 25.Bh6 g6 26.Nxe6 fxe6 27.Qxe6+ Kh8 28.
Ne5 Rf8 29.Bxf8 Qxf8 30.Rfe1 Kg7 31.Nc6 Bd6 32.Nxb4 Nxb4 33.Qd7+ Kg8 34.
Rc3 Rd8 35.Qa4 Qf7 36.Rf3 Qd7 37.Qb3+ Kg7 38.d5 Re8 39.Rxe8 Qxe8 40.Re3 
Qd7 41.g3 Bf8 42.Re6 a5 43.Rb6 Nxd5 44.Rb7 Nc7 45.Qc3+ Kg8 46.Rxc7 Qd1+ 
47.Kg2 Qd5+ 48.Qf3 Qxf3+ 49.Kxf3 a4 50.Ra7 a3 51.Ke4 Bc5 52.Ra5 Be7 53.f4 
Kf7 54.g4 Ke6 55.Ra6+ Kf7 56.Ke5 Bf8 57.Ra7+ Be7 58.f5 gxf5 59.gxf5 Kf8 
60.Ke6 Bc5 61.Ra5 Bb4 62.Ra4 Bc5 63.f6 Kg8 64.Rg4+ Kh8 65.Kf7 h6 66.Rc4 
Bd6 67.Kg6 1-0

[Event "Elitserien 2022/2023"]
[Site "Helsingborg"]
[Date "2022.10.15"]
[Round "2.39"]
[White "Backman, Andreas"]
[Black "Thornert, Hakan"]
[Result "1-0"]
[WhiteElo "2106"]
[BlackElo "2182"]
[TimeControl "90 minutes for 40 moves + 30 minutes for the rest of the game + 30 seconds per move from move one."]

1.e4 c5 2.c3 Nf6 3.e5 Nd5 4.d4 cxd4 5.Nf3 Nc6 6.Bc4 Nb6 7.Bb3 d5 8.exd6 
Qxd6 9.O-O Be6 10.Bxe6 Qxe6 11.Nxd4 Nxd4 12.Qxd4 Rd8 13.Qf4 g6 14.Na3 Bg7 
15.Qf3 Rd7 16.Be3 O-O 17.Rfe1 Qc6 18.Qxc6 bxc6 19.Red1 Rfd8 20.Rxd7 Rxd7 
21.Kf1 e6 22.Ke2 Bf8 23.Nc2 Na4 24.Bc1 Bg7 25.Ne3 Rb7 26.Nd1 f5 27.Kd3 Kf7
28.Kc2 e5 29.f3 Nb6 30.Nf2 c5 31.a4 c4 32.a5 Nd5 33.Ra4 Rc7 34.Nd1 Ke6 35.
Ne3 Nxe3+ 36.Bxe3 Bf8 37.a6 Bd6 38.h3 Kd5 39.b3 cxb3+ 40.Kxb3 Bc5 41.c4+ 
Kd6 42.Bxc5+ Rxc5 43.Kb4 e4 44.f4 Rc6 45.Ra5 Rb6+ 46.Kc3 Kc6 47.g4 Kd7 48.
gxf5 gxf5 49.Rxf5 Rxa6 50.Rf7+ Ke6 51.Rxh7 Ra3+ 52.Kd4 e3 53.Rh5 e2 54.
Re5+ Kf6 55.Rxe2 Rxh3 56.Ra2 Rf3 57.Ke4 Rc3 58.Ra6+ Ke7 59.Rxa7+ Kd6 60.
Kd4 Rf3 61.Ra6+ Kd7 62.Rf6 Rf1 63.f5 Rd1+ 64.Kc5 Rf1 65.Rd6+ Kc7 66.Rd5 
Rf2 67.Kd4 Rf4+ 68.Ke5 Rxc4 69.f6 Rc1 70.f7 Rf1 71.Ke6 Rf2 72.Rf5 1-0

[Event "Elitserien 2022/2023"]
[Site "Helsingborg"]
[Date "2022.10.15"]
[Round "2.40"]
[White "Malesevic, Nedeljko"]
[Black "Nordebrink, Johan"]
[Result "1-0"]
[WhiteElo "2213"]
[BlackElo "2089"]
[TimeControl "90 minutes for 40 moves + 30 minutes for the rest of the game + 30 seconds per move from move one."]

1.d4 Nf6 2.c4 e6 3.Nf3 b6 4.g3 Ba6 5.Qc2 c5 6.Bg2 Bb7 7.dxc5 Bxc5 8.Nc3 
O-O 9.O-O d5 10.cxd5 Nxd5 11.Ng5 g6 12.Nxd5 exd5 13.Bf4 Qe7 14.a3 Rd8 15.
Rad1 a5 16.h4 Na6 17.Rd2 Nc7 18.Rfd1 Bd6 19.Bxd6 Rxd6 20.Qb3 Rad8 21.e3 h6
22.Nf3 Ne6 23.Nd4 Nc5 24.Qc2 Ne4 25.Bxe4 dxe4 26.b4 axb4 27.axb4 Rd5 28.
Qc4 Qd7 29.b5 Qh3 30.Qf1 Qxf1+ 31.Kxf1 Rc5 32.Ke1 Rd6 33.Ra1 Rd7 34.Ra7 
Rc1+ 35.Rd1 Rxd1+ 36.Kxd1 Kg7 37.Kd2 Kf6 38.Kc3 Ke5 39.Kb4 f5 40.Ra6 Rd6 
41.Ra1 Rd7 42.Rc1 Bd5 43.Rc8 Rh7 44.Nc6+ Kd6 45.Rd8+ Ke6 46.Rb8 Bxc6 47.
Rxb6 1-0

[Event "Elitserien 2022/2023"]
[Site "Helsingborg"]
[Date "2022.10.16"]
[Round "3.1"]
[White "Kucuksari, Kaan"]
[Black "Cicak, Slavko"]
[Result "0-1"]
[WhiteElo "2482"]
[BlackElo "2470"]
[TimeControl "90 minutes for 40 moves + 30 minutes for the rest of the game + 30 seconds per move from move one."]

1.d4 Nf6 2.c4 g6 3.g3 Bg7 4.Bg2 O-O 5.Nc3 c5 6.d5 d6 7.Nf3 Na6 8.O-O Nc7 
9.e4 Bg4 10.h3 Bxf3 11.Qxf3 Nd7 12.Bg5 a6 13.a4 Rb8 14.Qe2 h6 15.Bd2 e6 
16.a5 exd5 17.exd5 Re8 18.Qd1 Ne5 19.Qb3 b5 20.axb6 Na8 21.Qa2 Qxb6 22.Ne4
Qd8 23.Qxa6 Rb6 24.Qa4 f5 25.Nxc5 dxc5 26.Ba5 Qb8 27.Bxb6 Nxb6 28.Qb5 
Nbxc4 29.Qxc5 Nd6 30.Rfe1 Rc8 31.Qa7 Qxb2 32.Qe7 Nef7 33.Rab1 Qc3 34.Qd7 
Bd4 35.Rbd1 Qb2 36.Rf1 Kg7 37.Qa4 Rc4 38.Qa5 Rc2 39.Qe1 Re2 40.Qxe2 Qxe2 
41.Rxd4 Ne5 42.Ra4 Nf3+ 43.Bxf3 Qxf3 44.Ra7+ Kf6 45.Ra6 Ke5 46.Re1+ Ne4 
47.Rf1 Ng5 48.Re1+ Kxd5 49.Ra5+ Kc6 50.Rc1+ Kd7 51.Ra7+ Kd8 52.Rca1 Nxh3+ 
53.Kh2 Nxf2 54.Rh7 Ng4+ 55.Kh3 Nf6 56.Rxh6 0-1

[Event "Elitserien 2022/2023"]
[Site "Helsingborg"]
[Date "2022.10.16"]
[Round "3.2"]
[White "Lyrberg, Patrik"]
[Black "Thybo, Jesper Sondergaard"]
[Result "1/2-1/2"]
[WhiteElo "2449"]
[BlackElo "2516"]
[TimeControl "90 minutes for 40 moves + 30 minutes for the rest of the game + 30 seconds per move from move one."]

1.Nf3 c5 2.c4 Nc6 3.Nc3 e5 4.e3 Nf6 5.d4 e4 6.Ng5 cxd4 7.exd4 Bb4 8.d5 Ne5
9.Bd2 Qe7 10.Be2 Nd3+ 11.Kf1 O-O 12.Ngxe4 Nxe4 13.Bxd3 Bxc3 14.bxc3 b6 15.
Be3 Re8 16.Bd4 Ba6 17.Kg1 Rac8 18.Qc2 Bxc4 19.Bxc4 Rxc4 20.Re1 Qg5 21.f3 
Nd6 22.Rxe8+ Nxe8 23.Kf2 Qxd5 24.Rd1 Qg5 25.Qe2 Rc8 26.Qa6 Rc7 27.Re1 Qd8 
28.Qe2 Rc8 29.Qe5 d6 30.Qf5 Rc7 31.Qe4 Nf6 32.Bxf6 gxf6 33.Qg4+ Kh8 34.Qd4
Rc5 35.Qa4 Re5 36.Qxa7 Rxe1 37.Kxe1 Qe8+ 38.Kf2 Qe6 39.Qxb6 Qxa2+ 40.Kg3 
Qd5 41.Qd4 Qe6 42.c4 Qe1+ 43.Kh3 Qe6+ 44.Qg4 Qe5 45.g3 h5 46.Qe4 Kg7 47.g4
hxg4+ 48.Qxg4+ Kf8 49.Qe4 Qh5+ 50.Kg3 Qg5+ 51.Qg4 Qc5 52.Qf4 Kg7 53.Kg2 d5
1/2-1/2

[Event "Elitserien 2022/2023"]
[Site "Helsingborg"]
[Date "2022.10.16"]
[Round "3.3"]
[White "Hansen, Sune Berg"]
[Black "Henriksson, Johan"]
[Result "1-0"]
[WhiteElo "2525"]
[BlackElo "2265"]
[TimeControl "90 minutes for 40 moves + 30 minutes for the rest of the game + 30 seconds per move from move one."]

1.Nf3 d5 2.g3 c6 3.Bg2 Nf6 4.O-O g6 5.b3 Bg7 6.Bb2 O-O 7.c4 b6 8.d3 Bb7 9.
Nbd2 c5 10.cxd5 Bxd5 11.a3 Na6 12.Qc2 Rc8 13.Rac1 Qc7 14.Qb1 Qb7 15.e4 Bc6
16.Rfe1 Rfd8 17.d4 e6 18.b4 cxb4 19.axb4 Bb5 20.Bc3 Ne8 21.Qb3 Qd7 22.Nb1 
Bc4 23.Qb2 Nb8 24.d5 exd5 25.Bxg7 Nxg7 26.Ne5 Qd6 27.exd5 Ba6 28.Nc3 f5 
29.b5 Re8 30.Nc6 Bb7 31.Nxa7 Rxe1+ 32.Rxe1 Re8 33.Rxe8+ Nxe8 34.Nc6 Nd7 
35.Qe2 Kf8 36.h4 Ndf6 37.Qe3 Qc5 38.Qxc5+ bxc5 39.Nd8 Bc8 40.b6 Nd6 41.
Ne6+ Ke7 42.Nxc5 Nd7 43.N3a4 Nb8 44.Kf1 Ba6+ 45.Nxa6 Nxa6 46.Ke2 Nf7 47.
Kd3 Ne5+ 48.Kd4 Kd6 49.Nc3 Ng4 50.Nb5+ Kd7 51.f3 Nf6 52.Bf1 Ne8 53.Nd6 1-0

[Event "Elitserien 2022/2023"]
[Site "Helsingborg"]
[Date "2022.10.16"]
[Round "3.4"]
[White "Von Bahr, Oskar"]
[Black "Pantzar, Milton"]
[Result "0-1"]
[WhiteElo "2381"]
[BlackElo "2465"]
[TimeControl "90 minutes for 40 moves + 30 minutes for the rest of the game + 30 seconds per move from move one."]

1.e4 c6 2.d4 d5 3.e5 Bf5 4.h4 h5 5.Bd3 Bxd3 6.Qxd3 Qa5+ 7.Nd2 e6 8.Nf3 Nh6
9.O-O Nf5 10.Nb3 Qa6 11.Qd1 Nd7 12.Bg5 c5 13.dxc5 Nxc5 14.Nfd4 Nxd4 15.
Nxd4 Ne4 16.a4 Nxg5 17.hxg5 g6 18.Nb5 Qb6 19.b3 a6 20.Nd4 Rc8 21.a5 Qc7 
22.c4 dxc4 23.bxc4 Be7 24.Qa4+ Kf8 25.Nf3 Kg7 26.Rab1 Rhd8 27.Rb3 Qxc4 28.
Qxc4 Rxc4 29.Rxb7 Bc5 30.Rb2 Ra4 31.Rc1 Rxa5 32.Rcc2 Rd5 33.Ra2 Rxa2 34.
Rxa2 a5 35.Kf1 Bb4 36.Ra4 Kf8 37.Ke2 Ke7 38.Ke3 Rc5 39.Ra2 Kd7 40.Ke4 Rc4+
41.Kd3 Rc3+ 42.Kd4 Rc1 43.Ke4 Kc6 44.Nd4+ Kb6 45.f4 Rc4 46.Kd3 Rc3+ 47.Ke2
Rg3 48.Kf2 Rd3 49.Ne2 Kb5 50.Rc2 a4 51.Rc7 a3 52.Nc1 Rc3 53.Rb7+ Kc4 54.
Ne2 Bc5+ 0-1

[Event "Elitserien 2022/2023"]
[Site "Helsingborg"]
[Date "2022.10.16"]
[Round "3.5"]
[White "Storme, Isak"]
[Black "Larsson, Anders"]
[Result "1/2-1/2"]
[WhiteElo "2424"]
[BlackElo "2223"]
[TimeControl "90 minutes for 40 moves + 30 minutes for the rest of the game + 30 seconds per move from move one."]

1.d4 e6 2.Nf3 Nf6 3.c4 Bb4+ 4.Nbd2 d5 5.a3 Be7 6.g3 O-O 7.Bg2 Nbd7 8.O-O 
Re8 9.Qc2 c5 10.Rd1 cxd4 11.Nxd4 Qb6 12.N2f3 e5 13.Nf5 d4 14.e3 d3 15.
Nxe7+ Rxe7 16.Rxd3 Nc5 17.Rd1 Nb3 18.Rb1 Bg4 19.c5 Qe6 20.Re1 Bxf3 21.Bxf3
Rc8 22.Bd2 Nxd2 23.Qxd2 e4 24.Bg2 Rxc5 25.Rbc1 Rd5 26.Qb4 h5 27.h4 Red7 
28.Rf1 Kh7 29.Qb3 Qe5 30.Rc3 Rd2 31.Bh3 Ng4 32.Bxg4 hxg4 33.a4 R7d6 34.
Qxf7 Rf6 35.Qc7 Qd5 36.Rc5 Rdxf2 37.Rxf2 Qd1+ 38.Kg2 Rxf2+ 39.Kxf2 Qd2+ 
40.Kf1 Qd1+ 41.Kf2 Qd2+ 1/2-1/2

[Event "Elitserien 2022/2023"]
[Site "Helsingborg"]
[Date "2022.10.16"]
[Round "3.6"]
[White "Andersson, Fredrik"]
[Black "Mauritsson, Sebastian"]
[Result "0-1"]
[WhiteElo "2268"]
[BlackElo "2383"]
[TimeControl "90 minutes for 40 moves + 30 minutes for the rest of the game + 30 seconds per move from move one."]

1.d4 d5 2.c4 c6 3.Nf3 Nf6 4.e3 Bg4 5.Qb3 Qb6 6.Nc3 e6 7.Nh4 Bh5 8.h3 Nbd7 
9.g4 Bg6 10.Nxg6 hxg6 11.Bg2 dxc4 12.Qxc4 Nd5 13.O-O g5 14.Nxd5 cxd5 15.
Qa4 Be7 16.Bd2 Qxb2 17.Rfd1 Qa3 18.Qb5 Rb8 19.Rdc1 a6 20.Qe2 Nb6 21.e4 
dxe4 22.Qxe4 Qd6 23.a3 Nd5 24.Qe5 Qxe5 25.dxe5 Kd7 26.Rd1 Rhc8 27.Be3 Rc3 
28.Bxd5 exd5 29.Rxd5+ Ke6 30.Ra5 Rc6 31.Rb1 b5 32.Rc1 Rxc1+ 33.Bxc1 Ra8 
0-1

[Event "Elitserien 2022/2023"]
[Site "Helsingborg"]
[Date "2022.10.16"]
[Round "3.7"]
[White "Jogstad, Martin"]
[Black "Aronsson, Marten"]
[Result "0-1"]
[WhiteElo "2386"]
[BlackElo "2221"]
[TimeControl "90 minutes for 40 moves + 30 minutes for the rest of the game + 30 seconds per move from move one."]

1.c4 c5 2.g3 g6 3.Bg2 Bg7 4.Nc3 Nc6 5.Nf3 e5 6.d3 Nge7 7.h4 h6 8.h5 g5 9.
Nxg5 hxg5 10.Bxg5 f6 11.h6 fxg5 12.hxg7 Rxh1+ 13.Bxh1 Kf7 14.e3 Kxg7 15.
Qh5 Qh8 16.Qxg5+ Ng6 17.Be4 Qh6 18.Qxh6+ Kxh6 19.Nb5 Nh8 20.Nc7 Rb8 21.Ne8
d6 22.Nxd6 Kg7 23.Kd2 Nf7 24.Nxf7 Kxf7 25.Rh1 Ne7 26.Rh5 b5 27.Rxe5 bxc4 
28.Kc3 cxd3 29.Bxd3 Be6 30.e4 Bxa2 31.Rxc5 Be6 32.Rc7 a5 33.f4 Rg8 34.f5 
Ba2 35.e5 Kf8 36.Rd7 Rxg3 37.e6 Nc6 38.Kd2 Ne5 39.e7+ Ke8 40.Rd6 Kxe7 41.
Ra6 Rxd3+ 42.Kc2 Bb3+ 43.Kc1 Rd1# 0-1